 Dungeon Crawl Stone Soup version 0.32-a0-899-geb5ba95c15 (webtiles) character file.

Game seed: 2737926644076078234

622224 Revguard the Slayer (level 26, -18/432 HPs)
             Began as a Demonspawn Berserker on Apr 5, 2024.
             Was a High Priest of Trog.
             Killed from afar by Cerebov (40 damage)
             ... with an iron shot
             ... in Pandemonium.
             The game lasted 03:30:56 (54255 turns).

Revguard the Slayer (Demonspawn Berserker)         Turns: 54255, Time: 03:30:57

Health: -18/432    AC: 28    Str: 39    XL:     26   Next: 54%
Magic:  0/23       EV: 22    Int:  9    God:    Trog [*****.]
Gold:   4735       SH: 20    Dex: 18    Spells: 25/25 levels left

rFire   + + .        O - +7 broad axe of Juys {vamp, rPois rF+ Int+3}
rCold   + + +        I - +5 kite shield {AC+3}
rNeg    + . .        n - +0 scale mail "Kimnam" {rF+ Will+ Slay+5}
rPois   +            p - +2 hat of Roytog {rC+ Slay+5}
rElec   .            Y - scarf {rC+ rF+}
rCorr   +            (gloves unavailable)
SInv    .            R - +2 pair of boots
Will    ++++.        g - amulet "Gimaaxke" {Spirit Regen+ Str+6} Stlth
                     z - ring "Fefer" {rPois rCorr Str+3}
HPRegen 2.72/turn    j - ring of Divine Compulsion {rN+ AC+4}
MPRegen 0.18/turn

%: guardian spirit
@: berserking (expiring), fire vulnerable, strong-willed, regenerating, studying
2 skills, very quick
A: claws 3, icy blue scales 3, foul stench 3, robust 3, demonic magic 3, strong
2, wild magic 1, inability to drink after injury 1
}: 4/15 runes: serpentine, barnacled, silver, abyssal
a: Renounce Religion, Berserk, Trog's Hand, Brothers in Arms


You were in Pandemonium.
You worshipped Trog.
Trog was extremely pleased with you.
You visited 10 branches of the dungeon, and saw 45 of its levels.
You visited Pandemonium 1 time, and saw 4 of its levels.
You visited the Abyss 3 times.
You also visited: Trove, Gauntlet and Wizlab.

You collected 7136 gold pieces.
You spent 2401 gold pieces at shops.

Inventory:

Hand Weapons
 E - a +9 broad axe of flaming
 M - the +16 obsidian axe {drain, demonic, Mesm ^Drain Fly SInv}
   (You acquired it in a wizard's laboratory)

   Mesm:      Its wielder is mesmerised by any visible foes, and it cannot be
   unequipped while any foes are visible.
   SInv:      It lets you see invisible.
   Fly:       It grants you flight.
   ^Drain:    It drains your maximum health when unequipped.
 O - the +7 broad axe of Juys (weapon) {vamp, rPois rF+ Int+3}
   (You found it on level 3 of the Vaults)

   Int+3:     It affects your intelligence (+3).
   rF+:       It protects you from fire.
   rPois:     It protects you from poison.
Armour
 n - the +0 scale mail "Kimnam" (worn) {rF+ Will+ Slay+5}
   (You found it on level 10 of the Dungeon)

   Slay+5:    It affects your accuracy & damage with ranged weapons and melee
   (+5).
   rF+:       It protects you from fire.
   Will+:     It increases your willpower.
 p - the +2 hat of Roytog (worn) {rC+ Slay+5}
   (You acquired it on level 2 of the Orcish Mines)

   Slay+5:    It affects your accuracy & damage with ranged weapons and melee
   (+5).
   rC+:       It protects you from cold.
 x - a scarf of repulsion
 I - a +5 kite shield of protection (worn)
 R - a +2 pair of boots (worn)
 Y - a scarf of resistance (worn)
Jewellery
 b - the ring "Jadip" {+Blink rElec Will+ Int+4}
   (You took it off a gnoll sergeant on level 7 of the Dungeon)

   [ring of willpower]

   Int+4:     It affects your intelligence (+4).
   rElec:     It insulates you from electricity.
   Will+:     It increases your willpower.
   +Blink:    It lets you blink.
 g - the amulet "Gimaaxke" (around neck) {Spirit Regen+ Str+6}
   (You found it in a Gauntlet)

   [amulet of guardian spirit]

   Spirit:    It causes incoming damage to be divided between your reserves of
   health and magic.
   Str+6:     It affects your strength (+6).
   Regen+:    It increases your rate of health regeneration.
 h - the ring of the Everdark {Str+3 Int+3 SInv}
   (You found it on level 2 of the Vaults)

   [ring of see invisible]

   Str+3:     It affects your strength (+3).
   Int+3:     It affects your intelligence (+3).
   SInv:      It lets you see invisible.
 j - the ring of Divine Compulsion (right claw) {rN+ AC+4}
   (You bought it in a shop on level 2 of the Orcish Mines)

   [ring of protection]

   AC+4:      It affects your AC (+4).
   rN+:       It protects you from negative energy.
 r - a ring of protection from cold
 u - the amulet of Estritwes {Faith Str+3 Int+5}
   (You took it off a hell knight on level 2 of the Depths)

   [amulet of faith]

   Faith:     It allows you to gain divine favour quickly.
   Str+3:     It affects your strength (+3).
   Int+5:     It affects your intelligence (+5).
 z - the ring "Fefer" (left claw) {rPois rCorr Str+3}
   (You found it in a Gauntlet)

   [ring of resist corrosion]

   Str+3:     It affects your strength (+3).
   rPois:     It protects you from poison.
   rCorr:     It protects you from acid and corrosion.
Wands
 a - a wand of flame (96)
 k - a wand of mindburst (59)
 v - a wand of warping (35)
 A - a wand of quicksilver (35)
 B - a wand of digging (5)
 H - a wand of paralysis (58)
Scrolls
 c - 8 scrolls of immolation
 m - 5 scrolls of silence
 o - 3 scrolls of revelation
 q - 17 scrolls of teleportation
 y - 5 scrolls of fear
 N - 4 scrolls of brand weapon
 P - 2 scrolls of blinking
 Q - 7 scrolls of enchant weapon
 W - 10 scrolls of noise
 X - 3 scrolls of enchant armour
Potions
 d - 8 potions of invisibility
 f - 12 potions of curing
 i - 11 potions of enlightenment
 l - 10 potions of mutation
 s - 11 potions of haste
 t - 3 potions of brilliance
 w - 6 potions of lignification
 C - 7 potions of attraction
 D - 2 potions of resistance
 F - 4 potions of might
 G - 7 potions of ambrosia
 J - 2 potions of magic
 T - 4 potions of heal wounds
 U - 3 potions of cancellation
 Z - 2 potions of berserk rage
Miscellaneous
 e - a lightning rod (4/4)
 K - a phantom mirror (inert)
 L - a Gell's gravitambourine (1/2)
 S - a sack of spiders
 V - a condenser vane


   Skills:
 + Level 21.1 Fighting
 + Level 19.6 Axes
 + Level 19.3 Armour
 + Level 19.3 Dodging
 + Level 18.7 Shields
 + Level 20.1 Evocations


You had 25 spell levels left.
You didn't know any spells.
Your spell library was empty.

Dungeon Overview and Level Annotations

Branches:
Dungeon (15/15)            Temple (0/1) D:4            Lair (5/5) D:9
 Shoals (4/4) Lair:2        Snake (4/4) Lair:3        Slime (1/5) Lair:5
    Orc (2/2) D:12            Elf (3/3) Orc:2        Vaults (5/5) D:14
  Crypt (2/3) Vaults:3     Depths (4/4) D:15            Zot (0/5) Depths:4
 WizLab (visited)         Gauntlet (visited)

Altars:
Dithmenos
Fedhas
Kikubaaqudgha
Makhleb
Sif Muna
Beogh
Jiyva

Shops:
D:1 ?   D:4 *   D:5 **   D:7 [   Orc:1 (   Orc:2 ?*=*[   Vaults:3 =
Vaults:5 !!?

Portals:
Hell: Depths:1 Depths:2 Depths:3 Depths:4
Abyss: Depths:1 Depths:3
Pandemonium: Depths:2
Ziggurat: Depths:3

Annotations:
Crypt:2 Khufu, Vv
Pan Cerebov


Innate Abilities, Weirdness & Mutations

You have claws for hands.
You are completely covered in icy blue scales. (AC +4, rC+)
You frequently emit foul miasma when damaged in melee.
You are extremely robust. (+30% HP)
Spells you cast and wands you use may paralyse nearby enemies.
Your muscles are very strong. (Str +8, Int/Dex -2)
Your spells are a little harder to cast, but a little more powerful.
You occasionally lose the ability to drink potions when taking damage.


Message History

You chop Cerebov into pieces!!!
Cerebov is lightly wounded.
You slash the balrug! x2; You slice the hellion!!
Cerebov hits you with the +6 sword of Cerebov!
* * * LOW HITPOINT WARNING * * *
Cerebov burns you.
* * * LOW HITPOINT WARNING * * *
You slice Cerebov!!
Cerebov is lightly wounded.
You closely miss the balrug. You slice the balrug!!
You kill the balrug!
The balrug disappears in a puff of smoke!
You slice the hellion!!
You kill the hellion!
The hellion disappears in a puff of smoke!
The balrug gestures at you. Something smites you!
* * * LOW HITPOINT WARNING * * *
You block the balrug's attack.
You hit Cerebov but do no damage.
Cerebov is lightly wounded.
You slice the balrug!! Cerebov misses you.
Unknown command.
You slice Cerebov!!
Cerebov is moderately wounded.
You slice the balrug!! x2; You block the balrug's attack.
Cerebov misses you.
Unknown command.
You slice Cerebov like a ripe choko!!!
Cerebov is moderately wounded.
You slice the balrug!!
You kill the balrug!
The balrug disappears in a puff of smoke!
You slash the balrug! The balrug hits you but does no damage.
Unknown command.
You closely miss Cerebov.
Cerebov is moderately wounded.
You slash the balrug! Cerebov gestures at you. The iron shot hits you!!!
You die...

#.... ..########## #....
.......(...#########....
........................
....................####
....................#
....................#
......§..........####
#####'#....@#####..###
#.........2&# ###
#...........#
..........# .........##
######'#......# 2
+.............## ..#
#...†....))....#...##
#.....†...)...$'3...§§


You could see Cerebov (fast) and a balrug (summoned).

Vanquished Creatures
  2 dread liches (Vaults:5)
  The ghost of astronautguy the Petrodigitator, a master FoEE of Vehumet (Vaults:2)
  5 juggernauts (Depths:3)
  Bai Suzhen (Depths:2)
  A caustic shrike (Depths:3)
  A golden dragon (Depths:4)
  Nikola (Vaults:3)
  5 bone dragons
  Norris (Depths:3)
  A doom hound (Depths:3)
  2 Brimstone Fiends (Pan)
  Rupert (Lair:5)
  A hellephant (Abyss:1)
  Mlioglotl (Snake:1)
  5 tentacled monstrosities
  3 pandemonium lords (Pan)
  6 liches
  Grunn (Depths:3)
  2 deep elf master archers (Elf:3)
  A walking divine tome (Depths:1)
  2 Hell Sentinels
  2 deep elf blademasters (Elf:3)
  2 Ice Fiends (Pan)
  8 titans
  The ghost of YordlordTheGreat the Executioner, an adept MiMo of Qazlal (Shoals:3)
  4 quicksilver dragons
  An ancient champion (Crypt:1)
  6 sphinxes
  7 tentacled starspawn
  Frances (D:14)
  The ghost of Forgeling the Bewitcher, an adept FeEn of Dithmenos (Vaults:2)
  7 Executioners (Pan)
  A walking frostbound tome (Depths:1)
  A kraken (Shoals:4)
  Polyphemus (Shoals:2)
  Donald (Orc:2)
  Kirke (Lair:3)
  Roxanne (Snake:2)
  4 tengu reavers
  8 shadow dragons
  Aizul (Snake:2)
  4 demonspawn warmongers (Pan)
  2 revenants (Crypt:1)
  2 draconian monks (Depths:4)
  5 nagarajas
  5 storm dragons
  13 frost giants
  7 fire giants
  13 deep elf sorcerers
  A curse skull (Crypt:2)
  17 vault wardens
  A draconian stormcaller (Depths:4)
  2 iron dragons
  13 balrugs
  A deep elf elementalist (Elf:3)
  An orc warlord (Elf:1)
  4 cacodemons
  3 demonspawn blood saints (Pan)
  5 demonspawn corrupters
  3 reapers
  5 formless jellyfish
  3 spriggan defenders
  28 very ugly things
  18 ironbound preservers
  8 ironbound thunderhulks
  15 stone giants
  3 demonspawn black suns (Pan)
  A juggernaut skeleton (Crypt:2)
  7 deep elf death magi
  Nessos (Lair:5)
  A black draconian (Abyss:5)
  A purple draconian (Depths:4)
  7 vampire knights
  A green draconian (Depths:4)
  A lorocyproca (Pan)
  6 deep elf demonologists
  3 war gargoyles
  2 red draconians (Depths:4)
  5 dire elephants (Vaults:4)
  9 deep elf annihilators
  A minotaur (Gauntlet)
  Azrael (Orc:2)
  8 spark wasps
  7 merfolk javelineers (Shoals:4)
  4 jiangshi
  2 eidola
  2 green deaths (Pan)
  Josephine (Orc:1)
  An entropy weaver (shapeshifter) (D:15)
  11 merfolk impalers
  A blizzard demon (Pan)
  9 fire dragons
  17 ettins
  Snorg (Lair:5)
  2 crystal guardians
  2 entropy weavers
  Harold (Orc:1)
  8 deep elf high priests
  32 vault guards
  15 yaktaur captains
  9 great orbs of eyes
  7 ogre magi
  7 ice dragons
  A rakshasa (Depths:2)
  5 peacekeepers
  13 centaur warriors
  6 hydras
  6 spriggan air magi
  2 hell beasts (Pan)
  A quicksilver dragon skeleton (Crypt:1)
  2 catoblepae
  4 salamander tyrants
  4 anacondas (Snake:4)
  6 merfolk aquamancers
  11 ironbound frosthearts
  14 two-headed ogres
  A two-headed ogre (shapeshifter) (Depths:2)
  2 alligator snapping turtles
  4 boulder beetles
  7 deep troll shamans
  7 demonic crawlers (Pan)
  A titan zombie (Crypt:2)
  36 dancing weapons
  11 tengu warriors
  8 deep troll earth magi (Depths:3)
  3 vampire magi
  4 hell hogs
  2 satyrs
  12 naga sharpshooters
  2 spriggan berserkers
  2 shock serpents
  15 thrashing horrors
  Nergalle (D:11)
  19 death yaks
  6 soul eaters (Pan)
  9 naga warriors
  4 occultists
  15 hell knights
  2 orc high priests
  12 skeletal warriors
  20 deep elf knights
  7 skysharks
  16 wretched stars
  32 sun demons
  5 sixfirhies
  A titan skeleton (Crypt:2)
  Amaemon (D:8)
  8 iron trolls
  2 salamander mystics
  A flayed ghost (Depths:4)
  3 glowing orange brains
  4 cherubim (Shoals:4)
  18 deep elf archers
  4 sun moths (Pan)
  A swamp dragon (shapeshifter) (Vaults:2)
  49 deep trolls
  3 spriggan druids (WizLab)
  4 shadow wraiths
  7 sea snakes
  2 orange crystal statues
  13 phantasmal warriors
  2 death drakes (Depths:3)
  A shadow dragon zombie (Vaults:5)
  10 lindwurms
  3 mana vipers
  20 ironbound convokers
  6 shadow demons (Pan)
  A kraken simulacrum (Shoals:1)
  53 large abominations
  11 necromancers
  13 arcanists
  3 naga ritualists (Snake:4)
  4 obsidian bats
  6 harpies
  The ghost of Necromancer21 the Zephyrmancer, a novice TeAE (D:7)
  5 orc sorcerers
  5 thermic dynamos (Elf:3)
  36 deep elf zephyrmancers
  Pikel (D:5)
  37 deep elf pyromancers
  6 orc knights
  12 salamanders
  9 fauns
  A shadow dragon skeleton (Depths:1)
  14 ugly things
  3 oklob plants (Lair:5)
  11 worldbinders
  A will-o-the-wisp (Abyss:1)
  An iron dragon zombie (Depths:1)
  4 manticores
  A stone giant skeleton (Abyss:1)
  12 cyclopes
  A meliai (shapeshifter) (Abyss:3)
  5 meliai (Abyss:3)
  An iron dragon skeleton (Depths:1)
  3 molten gargoyles
  16 vault sentinels
  6 water nymphs
  3 rust devils
  2 apocalypse crabs
  14 naga magi
  30 black mambas
  4 guardian serpents
  7 orange demons
  A merfolk siren (Shoals:1)
  Maggie (D:8)
  A torpor snail (shapeshifter) (Depths:2)
  A torpor snail (WizLab)
  12 elephants
  22 smoke demons
  A hellion (Abyss:5)
  7 unseen horrors
  9 cane toads
  5 efreet
  An unseen horror (shapeshifter) (Abyss:3)
  A rime drake (Lair:2)
  10 komodo dragons
  25 yaktaurs
  A human zombie (Vaults:5)
  7 freezing wraiths
  3 tengu conjurers
  8 ancient zymes
  Psyche (D:8)
  A yaktaur skeleton (Vaults:5)
  A pale draconian skeleton (Crypt:1)
  7 hellwings
  5 polar bears
  26 merfolk
  A queen bee (Abyss:3)
  4 red devils (Pan)
  12 trolls
  15 raiju (Abyss:1)
  Grinder (D:4)
  5 wind drakes
  A jumping spider (shapeshifter) (Vaults:5)
  A harpy skeleton (Abyss:3)
  A tarantella (shapeshifter) (Vaults:5)
  8 snapping turtles
  A tarantella zombie (Crypt:1)
  A glass eye (shapeshifter) (Vaults:5)
  29 dream sheep
  3 glass eyes
  4 centaur simulacra
  2 ettin zombies
  A culicivora (Vaults:3)
  4 air elementals
  23 blink frogs
  A fire giant simulacrum (Depths:1)
  3 vampires
  A stone giant simulacrum (Vaults:5)
  16 water elementals
  3 wyverns
  24 slime creatures
  8 wraiths
  2 spriggans (Lair:2)
  17 ynoxinuls
  12 basilisks
  6 fire elementals (Orc:2)
  3 golden eyes (WizLab)
  3 alligator snapping turtle simulacra (Shoals:1)
  4 steam dragons
  2 humans (D:14)
  5 vampire mosquitoes
  38 yaks
  2 wargs (Orc:1)
  3 hogs (Lair:3)
  2 redbacks (Vaults:3)
  7 neqoxecs
  4 sea snake simulacra (Shoals:1)
  A swamp worm (shapeshifter) (Vaults:5)
  Menkaure (D:4)
  4 chaos spawn
  61 nagas
  2 harpy simulacra (Shoals:1)
  An acid dragon (D:13)
  14 water moccasins
  16 hell hounds
  A black bear (shapeshifter) (Vaults:5)
  20 laughing skulls
  2 ice beasts
  A sky beast (shapeshifter) (Elf:3)
  6 black bears
  31 orc warriors
  3 satyr simulacra (Shoals:1)
  24 small abominations
  5 wolves (Lair:2)
  18 ogres
  25 centaurs
  26 starcursed masses
  2 phantoms
  2 weeping skulls (Abyss:3)
  A hog skeleton (Crypt:2)
  3 lemures (D:5)
  8 kobold brigands
  2 brain worms
  11 bullfrogs
  7 gnoll sergeants
  A scorpion (D:4)
  3 earth elementals
  A merfolk simulacrum (Shoals:1)
  12 wights
  A troll zombie (Crypt:1)
  5 killer bees (D:7)
  2 snapping turtle simulacra (Shoals:1)
  A manticore simulacrum (Shoals:1)
  5 howler monkeys
  4 electric eels
  4 bombardier beetles
  A centaur zombie (Crypt:1)
  5 quasits
  5 lava snakes (Lair:5)
  3 hounds
  3 jellies
  17 orc priests
  A bullfrog skeleton (Crypt:1)
  2 gnoll boudas (D:7)
  3 sleepcaps
  3 cyclops simulacra (Shoals:1)
  Natasha (thrice) (D:2)
  4 iguanas
  14 orc wizards
  A hell rat (Lair:5)
  An ice beast zombie (Crypt:1)
  Robin (D:3)
  20 gnolls
  4 adders
  9 river rats (Lair:5)
  2 shadow imps (D:5)
  5 white imps
  10 ufetubi
  An iguana skeleton (Crypt:1)
  4 dart slugs
  A ribbon worm (D:3)
  80 orcs
  4 bats (D:1)
  8 endoplasms
  3 giant cockroaches
  11 goblins
  9 hobgoblins
  10 jackals
  A quokka (D:1)
  9 ball pythons
  3 frilled lizards
  24 kobolds
  5 rats
  7 starspawn tentacles
  5 tentacles
2404 creatures vanquished.

Vanquished Creatures (collateral kills)
  Ignacio (Pan)
  A juggernaut (Depths:3)
  A doom hound (Depths:3)
  2 Ice Fiends (Pan)
  2 sphinxes
  2 frost giants (Depths:1)
  A deep elf elementalist (Elf:3)
  An angel (Shoals:4)
  2 very ugly things
  A deep elf demonologist (Elf:3)
  5 stone giants
  A deep elf death mage (Elf:3)
  A deep elf annihilator (Elf:3)
  2 spark wasps (Depths:1)
  A merfolk impaler (Shoals:4)
  2 fire dragons (Depths:1)
  A merfolk javelineer (Shoals:4)
  Fannar (Orc:1)
  A vault guard (Vaults:5)
  An ice dragon (Depths:3)
  A catoblepas (Gauntlet)
  3 two-headed ogres (Orc:2)
  A death knight (D:12)
  2 death yaks (Shoals:2)
  A tengu warrior (Depths:1)
  A demonic crawler (Pan)
  A sun demon (Pan)
  2 deep troll earth magi
  A deep elf knight (Elf:2)
  2 hell knights (Depths:3)
  A soul eater (Pan)
  A skyshark (Depths:3)
  A death drake (Depths:3)
  A deep troll (Orc:2)
  A sea snake (Shoals:4)
  A shadow demon (Pan)
  A deep troll (shapeshifter) (Depths:1)
  4 ugly things
  2 fauns (Shoals:2)
  A molten gargoyle (Gauntlet)
  A merfolk siren (Shoals:2)
  A cyclops (Shoals:2)
  2 gargoyles (Gauntlet)
  A freezing wraith (D:12)
  2 trolls
  A snapping turtle (Shoals:4)
  2 wraiths (Orc:1)
  A water elemental (Shoals:2)
  2 wargs (Orc:1)
  An orc warrior (Orc:1)
  2 ogres
  5 orcs (Orc:1)
80 creatures vanquished.

Vanquished Creatures (others)
  An eldritch tentacle (Pan)
  A stone giant (Vaults:5)
  A vault guard (Vaults:5)
  2 deep elf knights
  4 deep elf zephyrmancers
  A freezing wraith (Vaults:5)
  A ynoxinul (Pan)
  A naga (Snake:1)
  A human (D:4)
  A gnoll bouda (D:7)
  2 gnolls
  A kobold (D:11)
  4 foxfires (Abyss:1)
  3 lurking horrors
  10 starspawn tentacles
  12 tentacles
46 creatures vanquished.

Grand Total: 2530 creatures vanquished

Notes
Turn   | Place    | Note
-------+----------+-------------------------------------------
     0 | D:1      | Revguard the Demonspawn Berserker began the quest for the
                  | Orb.
     0 | D:1      | Reached XP level 1. HP: 18/18 MP: 1/1
   130 | D:1      | Found The Oracle's Delphic Readings.
   205 | D:1      | Gained mutation: You are partially covered in icy blue
                  | scales. (AC +2) [demonic ancestry]
   205 | D:1      | Reached XP level 2. HP: 24/24 MP: 2/2
   688 | D:1      | Reached ** piety under Trog
   789 | D:1      | Gained mutation: You may rarely emit foul miasma when
                  | damaged in melee. [demonic ancestry]
   789 | D:1      | Reached XP level 3. HP: 26/29 MP: 3/3
   906 | D:1      | Found a faded altar of an unknown god.
  1175 | D:2      | Reached skill level 1 in Evocations
  1182 | D:2      | Reached skill level 1 in Shields
  1182 | D:2      | Gained mutation: You sometimes emit foul miasma when
                  | damaged in melee. [demonic ancestry]
  1182 | D:2      | Reached XP level 4. HP: 17/35 MP: 4/4
  1407 | D:2      | Noticed Natasha
  1416 | D:2      | Killed Natasha
  1567 | D:2      | Noticed Natasha
  1571 | D:2      | Killed Natasha
  1649 | D:2      | Noticed Natasha
  1655 | D:2      | Killed Natasha
  1656 | D:2      | Reached XP level 5. HP: 41/41 MP: 5/5
  1800 | D:3      | Found a blossoming altar of Fedhas.
  1902 | D:3      | Reached XP level 6. HP: 48/48 MP: 6/6
  1908 | D:3      | Noticed Robin
  1926 | D:3      | Killed Robin
  1974 | D:3      | Reached *** piety under Trog
  2191 | D:3      | Reached skill level 4 in Fighting
  2315 | D:4      | Noticed Menkaure
  2325 | D:4      | Killed Menkaure
  2581 | D:4      | Gained mutation: Spells you cast may paralyse adjacent
                  | enemies. [demonic ancestry]
  2581 | D:4      | Reached XP level 7. HP: 38/54 MP: 7/7
  2711 | D:4      | Noticed Grinder
  2768 | D:4      | Killed Grinder
  3026 | D:4      | Found Vunus's General Store.
  3067 | D:4      | Reached XP level 8. HP: 61/61 MP: 8/8
  3157 | D:4      | Found an ancient bone altar of Kikubaaqudgha.
  3234 | D:4      | Found a staircase to the Ecumenical Temple.
  3488 | D:5      | Entered Level 5 of the Dungeon
  3514 | D:5      | Reached skill level 5 in Fighting
  4013 | D:5      | Reached skill level 5 in Axes
  4148 | D:5      | Noticed Pikel
  4163 | D:5      | Killed Pikel
  4164 | D:5      | Gained mutation: You are mostly covered in icy blue scales.
                  | (AC +3) [demonic ancestry]
  4164 | D:5      | Reached XP level 9. HP: 69/69 MP: 9/9
  4330 | D:5      | Found Epsul's General Store.
  4331 | D:5      | Found Keuxid's Specific Store.
  4343 | D:5      | Bought a scroll of enchant weapon for 97 gold pieces
  4343 | D:5      | Bought a scroll of teleportation for 39 gold pieces
  4687 | D:6      | Reached skill level 5 in Dodging
  4832 | D:6      | Reached skill level 6 in Fighting
  4832 | D:6      | Reached skill level 5 in Armour
  5190 | D:6      | Reached skill level 5 in Evocations
  5861 | D:7      | Found a shadowy altar of Dithmenos.
  5861 | D:7      | Found a shimmering blue altar of Sif Muna.
  5956 | D:7      | Found Ecryfi's Antique Armour Boutique.
  6376 | D:7      | Found a transporter.
  6383 | D:7      | Identified the ring "Jadip" {+Blink rElec Will+ Int+4}
  6775 | D:7      | Found a transporter.
  6784 | D:7      | Noticed Necromancer21's ghost (novice TeAE)
  6977 | D:7      | Reached skill level 8 in Fighting
  6977 | D:7      | Reached skill level 5 in Shields
  6977 | D:7      | Gained mutation: You frequently emit foul miasma when
                  | damaged in melee. [demonic ancestry]
  6977 | D:7      | Reached XP level 10. HP: 80/80 MP: 10/10
  6978 | D:7      | Reached skill level 9 in Fighting
  6978 | D:7      | Reached XP level 11. HP: 89/89 MP: 11/11
  7680 | D:7      | Killed Necromancer21's ghost
  7981 | D:8      | Reached XP level 12. HP: 79/95 MP: 12/12
  8003 | D:8      | Noticed a three-headed hydra
  8007 | D:8      | Killed a one-headed hydra
  8352 | D:8      | Noticed Maggie
  8373 | D:8      | Killed Maggie
  8730 | D:8      | Noticed Amaemon
  8743 | D:8      | Killed Amaemon
  8883 | D:8      | Noticed Psyche
  8888 | D:8      | Killed Psyche
  9291 | D:9      | Found a staircase to the Lair.
  9406 | D:9      | Reached **** piety under Trog
 10130 | D:9      | Identified a scroll of acquirement
 10130 | D:9      | Acquired a +3 broad axe of flaming
 10332 | D:9      | Gained mutation: Your magical capacity is low. (-10% MP)
                  | [potion of mutation]
 10332 | D:9      | Gained mutation: You have sharp toenails. [potion of
                  | mutation]
 10332 | D:9      | Gained mutation: You sometimes lose your temper in combat.
                  | [potion of mutation]
 10333 | D:9      | Lost mutation: You sometimes lose your temper in combat.
                  | [potion of mutation]
 10333 | D:9      | Lost mutation: Your magical capacity is low. (-10% MP)
                  | [potion of mutation]
 10333 | D:9      | Gained mutation: Your magical capacity is low. (-10% MP)
                  | [potion of mutation]
 10333 | D:9      | Gained mutation: A frigid envelope surrounds you and
                  | freezes all who hurt you. [potion of mutation]
 10333 | D:9      | Gained mutation: You are agile. (Dex +4, Str/Int -1)
                  | [potion of mutation]
 10357 | D:10     | Entered Level 10 of the Dungeon
 10451 | D:10     | Found a burning altar of Makhleb.
 10588 | D:10     | Identified the +0 scale mail "Kimnam" {rF+ Will+ Slay+5}
 11125 | D:11     | Noticed a two-headed ogre
 11133 | D:11     | Killed a two-headed ogre
 11134 | D:11     | Reached skill level 10 in Fighting
 11269 | D:11     | Noticed Nergalle
 11278 | D:11     | Killed Nergalle
 11462 | D:11     | Noticed a two-headed ogre
 11468 | D:11     | Killed a two-headed ogre
 11469 | D:11     | Gained mutation: You have sharp fingernails. [demonic
                  | ancestry]
 11469 | D:11     | Reached XP level 13. HP: 90/103 MP: 11/11
 12441 | D:12     | Found a roughly hewn altar of Beogh.
 12441 | D:12     | Found a staircase to the Orcish Mines.
 12864 | D:13     | Found a gate leading to a gauntlet.
 12873 | Gauntlet | Entered a Gauntlet
 12873 | Gauntlet | Found a transporter.
 12904 | Gauntlet | Found a transporter.
 12920 | Gauntlet | Found a transporter.
 12924 | Gauntlet | Found a transporter.
 12944 | Gauntlet | Found a transporter.
 12954 | Gauntlet | Noticed a green death
 12957 | Gauntlet | Found a transporter.
 12970 | Gauntlet | Found a transporter.
 12990 | Gauntlet | Found a transporter.
 12994 | Gauntlet | Found a transporter.
 13002 | Gauntlet | Found a transporter.
 13009 | Gauntlet | Noticed a cacodemon
 13028 | Gauntlet | Found a transporter.
 13028 | Gauntlet | Found a transporter.
 13266 | Gauntlet | Identified the amulet "Gimaaxke" {Spirit Regen+ Str+6}
 13276 | Gauntlet | Identified the ring "Fefer" {rPois rCorr Str+3}
 13287 | Gauntlet | Identified the amulet of Fupt {Regen+ Str+3}
 13287 | Gauntlet | Noticed a minotaur
 13293 | Gauntlet | Killed a minotaur
 13294 | Gauntlet | Reached skill level 10 in Axes
 13305 | Gauntlet | Identified the +0 helmet of Naewusaj {rF+ MP+9 Str-2 Dex+4}
 13845 | D:13     | Reached skill level 11 in Fighting
 14576 | D:14     | Noticed Frances
 14586 | D:14     | Killed Frances
 14647 | D:14     | Gained mutation: You have very sharp fingernails. [demonic
                  | ancestry]
 14647 | D:14     | Reached XP level 14. HP: 103/113 MP: 12/12
 14775 | D:14     | Found a gate to the Vaults.
 14897 | D:15     | Entered Level 15 of the Dungeon
 14983 | D:15     | Reached skill level 10 in Evocations
 15009 | D:15     | Found a staircase to the Depths.
 15033 | D:15     | Identified the +0 leather armour "Tecach" {-Tele rC+ rCorr}
 15568 | D:15     | Reached skill level 10 in Dodging
 16034 | Lair:1   | Entered Level 1 of the Lair of Beasts
 16050 | Lair:1   | Reached skill level 10 in Armour
 16718 | Lair:2   | Found a staircase to the Shoals.
 16948 | Lair:2   | Reached ***** piety under Trog
 17526 | Lair:2   | Reached skill level 12 in Fighting
 18061 | Lair:3   | Noticed Kirke
 18072 | Lair:3   | Killed Kirke
 18111 | Lair:3   | Reached XP level 15. HP: 120/120 MP: 13/13
 18435 | Lair:3   | Reached skill level 10 in Shields
 18435 | Lair:3   | Found a staircase to the Snake Pit.
 18557 | Lair:3   | Identified the +8 bardiche "Qiohuf" {flame, *Noise rCorr
                  | Str+7 Dex+2}
 18792 | Lair:4   | Identified the +2 glaive "Hoalugo" {heavy, rElec Will+
                  | rCorr} (Trog gifted it to you on level 4 of the Lair of
                  | Beasts)
 18792 | Lair:4   | Received a gift from Trog
 19510 | Lair:5   | Entered Level 5 of the Lair of Beasts
 19512 | Lair:5   | Noticed Nessos
 19517 | Lair:5   | Noticed Snorg
 19530 | Lair:5   | Killed Snorg
 19542 | Lair:5   | Killed Nessos
 19840 | Lair:5   | Found a viscous altar of Jiyva.
 19847 | Lair:5   | Found a staircase to the Slime Pits.
 19948 | Lair:5   | Noticed Rupert
 19961 | Lair:5   | Killed Rupert
 20113 | Lair:5   | Found a large runed translucent door.
 20120 | Lair:5   | Found a large runed translucent door.
 20897 | Orc:1    | Entered Level 1 of the Orcish Mines
 20897 | Orc:1    | Noticed Fannar
 20902 | Orc:1    | Noticed Josephine
 20917 | Orc:1    | Killed Josephine
 20918 | Orc:1    | Noticed Harold
 20919 | Orc:1    | Killed Fannar
 20939 | Orc:1    | Killed Harold
 20940 | Orc:1    | Gained mutation: You have claws for hands. [demonic
                  | ancestry]
 20940 | Orc:1    | Reached XP level 16. HP: 129/129 MP: 14/14
 20983 | Orc:1    | Found Pexkuu's Weapon Shoppe.
 21255 | Orc:2    | Entered Level 2 of the Orcish Mines
 21285 | Orc:2    | Received a gift from Trog
 21330 | Orc:2    | Noticed Donald
 21341 | Orc:2    | Killed Donald
 21342 | Orc:2    | Reached skill level 13 in Fighting
 21418 | Orc:2    | Noticed Azrael
 21446 | Orc:2    | Killed Azrael
 21469 | Orc:2    | Found Deeres's Jewellery Shoppe.
 21562 | Orc:2    | Found Hoil Ehie's Antique Armour Emporium.
 21566 | Orc:2    | Found Segor's Assorted Antiques.
 21571 | Orc:2    | Found Qisugaf's Assorted Antiques.
 21596 | Orc:2    | Bought a potion of curing for 105 gold pieces
 21605 | Orc:2    | Bought 2 potions of heal wounds for 330 gold pieces
 21605 | Orc:2    | Bought a bubbling grey potion for 29 gold pieces
 21605 | Orc:2    | Bought a potion of curing for 99 gold pieces
 21610 | Orc:2    | Bought the ring of Divine Compulsion {rN+ AC+4} for 708
                  | gold pieces
 21733 | Orc:2    | Received a gift from Trog
 21811 | Orc:2    | Found Wocar's Magic Scroll Emporium.
 21820 | Orc:2    | Bought a scroll of acquirement for 728 gold pieces
 21820 | Orc:2    | Acquired the +2 hat of Roytog {rC+ Slay+5}
 21864 | Orc:2    | Found a staircase to the Elven Halls.
 22115 | Shoals:1 | Entered Level 1 of the Shoals
 22633 | Shoals:1 | Identified the +1 leather armour of Plasticity {^Drain
                  | Int+2 Slay+3}
 22641 | Shoals:1 | Found a runed translucent gate.
 22676 | Shoals:1 | Found a runed translucent gate.
 22677 | Shoals:1 | Found a runed translucent gate.
 22940 | Shoals:1 | Identified the +1 plate armour of the Grinning Gods {rElec
                  | rF+ rCorr Int-3}
 23118 | Shoals:2 | Noticed Polyphemus
 23133 | Shoals:2 | Killed Polyphemus
 23862 | Shoals:3 | Found a runed translucent gate.
 23863 | Shoals:3 | Found a runed translucent gate.
 23864 | Shoals:3 | Found a runed translucent gate.
 23871 | Shoals:3 | Gained mutation: Spells you cast may paralyse nearby
                  | enemies. [demonic ancestry]
 23871 | Shoals:3 | Reached XP level 17. HP: 138/138 MP: 15/15
 23878 | Shoals:3 | Noticed YordlordTheGreat's ghost (adept MiMo)
 23893 | Shoals:3 | Killed YordlordTheGreat's ghost
 24429 | Shoals:4 | Entered Level 4 of the Shoals
 24433 | Shoals:4 | Noticed a kraken
 24448 | Shoals:4 | Received a gift from Trog
 24487 | Shoals:4 | Killed a kraken
 24550 | Shoals:4 | Reached skill level 14 in Fighting
 24801 | Shoals:4 | Identified the +11 glaive of Radicalism {spect, *Corrode
                  | rPois Dex+6 SInv}
 25288 | Shoals:4 | Got a barnacled rune of Zot
 25497 | Snake:1  | Entered Level 1 of the Snake Pit
 25621 | Snake:1  | You fall into a shaft and drop 1 floor!
 25978 | Snake:1  | Noticed Mlioglotl
 25986 | Snake:1  | Killed Mlioglotl
 26239 | Snake:2  | Identified the serpent talisman of the Solstice {rC+ rN++
                  | MP-9 SInv}
 26239 | Snake:2  | Noticed Aizul
 26251 | Snake:2  | Killed Aizul
 26531 | Snake:2  | Noticed Roxanne
 26550 | Snake:2  | Killed Roxanne
 27367 | Snake:3  | Reached XP level 18. HP: 138/147 MP: 14/16
 27791 | Snake:3  | Identified the +6 great sword of Qana {flame, rC+ Dex+3}
 27891 | Snake:4  | Entered Level 4 of the Snake Pit
 28198 | Snake:4  | Received a gift from Trog
 28435 | Snake:4  | Got a serpentine rune of Zot
 28472 | Snake:4  | Reached skill level 15 in Fighting
 29326 | Elf:1    | Entered Level 1 of the Elven Halls
 29478 | Elf:1    | Reached ****** piety under Trog
 29719 | Elf:1    | Received a gift from Trog
 29800 | Elf:1    | Noticed a Hell Sentinel
 29909 | Elf:1    | Noticed a Hell Sentinel
 29914 | Elf:1    | Gained mutation: You are robust. (+10% HP) [demonic
                  | ancestry]
 29914 | Elf:1    | Reached XP level 19. HP: 143/170 MP: 17/17
 30704 | Elf:2    | Received a gift from Trog
 30885 | Elf:2    | Found a runed translucent gate.
 30886 | Elf:2    | Found a runed translucent gate.
 30886 | Elf:2    | Found a runed translucent gate.
 31507 | Elf:3    | Entered Level 3 of the Elven Halls
 31591 | Elf:3    | Paralysed by an air elemental for 1 turns
 31594 | Elf:3    | Paralysed by an air elemental for 1 turns
 31637 | Elf:3    | Received a gift from Trog
 31724 | Elf:3    | Paralysed by an air elemental for 1 turns
 31788 | Elf:3    | Reached skill level 16 in Fighting
 32114 | Elf:3    | Reached skill level 15 in Evocations
 32253 | Elf:3    | Received a gift from Trog
 32254 | Elf:3    | Reached skill level 15 in Axes
 32263 | Elf:3    | Gained mutation: Spells you cast and wands you use may
                  | paralyse nearby enemies. [demonic ancestry]
 32263 | Elf:3    | Reached XP level 20. HP: 107/181 MP: 7/18
 32574 | Elf:3    | Identified the ring of Hiyh Qyu {rCorr Str+3}
 32621 | Elf:3    | Identified the +12 shortbow of Makhleb's Favour {flame, rC-
                  | rN+ Dex+5 Stlth+}
 32650 | Elf:3    | Identified the +12 arbalest "Grim" {drain, rElec rF- Int+2
                  | Dex+3}
 32885 | Depths:1 | Entered Level 1 of the Depths
 32895 | Depths:1 | Found a one-way gate to the infinite horrors of the Abyss.
 32986 | Depths:1 | Found a gateway to Hell.
 33057 | Depths:1 | Received a gift from Trog
 33551 | Depths:1 | Reached skill level 15 in Dodging
 33644 | Depths:1 | Found a portal to a secret trove of treasure.
 33672 | Depths:1 | Reached skill level 15 in Armour
 34026 | Depths:1 | Voluntarily entered the Abyss.
 34208 | Abyss:1  | Lost mutation: You are agile. (Dex +4, Str/Int -1) [a
                  | neqoxec]
 34376 | Abyss:1  | Received a gift from Trog
 34895 | Abyss:1  | Found a corrupted altar of Lugonu.
 35032 | Abyss:1  | Gained mutation: You are very robust. (+20% HP) [demonic
                  | ancestry]
 35032 | Abyss:1  | Reached XP level 21. HP: 171/207 MP: 16/18
 35089 | Abyss:1  | Reached skill level 17 in Fighting
 35152 | Abyss:1  | Found a corrupted altar of Lugonu.
 35259 | Abyss:1  | Found a corrupted altar of Lugonu.
 35438 | Abyss:1  | Noticed a dread lich
 35446 | Abyss:2  | Found a corrupted altar of Lugonu.
 35450 | Abyss:2  | Found a corrupted altar of Lugonu.
 35484 | Abyss:2  | Found a corrupted altar of Lugonu.
 35519 | Abyss:2  | Received a gift from Trog
 35619 | Abyss:2  | Found a corrupted altar of Lugonu.
 35830 | Abyss:2  | Found a corrupted altar of Lugonu.
 35905 | Abyss:3  | Found a corrupted altar of Lugonu.
 35968 | Abyss:3  | Found a corrupted altar of Lugonu.
 35971 | Abyss:3  | Received a gift from Trog
 36079 | Abyss:3  | Found a corrupted altar of Lugonu.
 36440 | Abyss:3  | Reached skill level 15 in Shields
 36610 | Abyss:3  | Received a gift from Trog
 36686 | Abyss:3  | HP: 10/210 [Hell Sentinel (3)]
 36715 | Abyss:3  | Got an abyssal rune of Zot
 36743 | Depths:1 | Escaped the Abyss
 36905 | Vaults:1 | Entered Level 1 of the Vaults
 37307 | Vaults:1 | Received a gift from Trog
 38129 | Vaults:2 | Reached XP level 22. HP: 193/219 MP: 15/19
 38365 | Vaults:2 | Found a transporter.
 38369 | Vaults:2 | Noticed Forgeling's ghost (adept FeEn)
 38370 | Vaults:2 | Noticed astronautguy's ghost (master FoEE)
 38379 | Vaults:2 | Found a transporter.
 38388 | Vaults:2 | Identified the ring "Hier" {Fly rPois Str+3}
 38445 | Vaults:2 | Identified the +4 sling of Amatt {drain, rF+++ Str-2 Int-3
                  | SInv}
 38634 | Vaults:2 | Received a gift from Trog
 38688 | Vaults:2 | You fall into a shaft and drop 1 floor!
 38700 | Vaults:3 | Found a magical portal.
 38709 | WizLab   | Entered Alistair's Party Mansion
 38928 | WizLab   | Noticed a golden dragon
 38990 | WizLab   | Acquired the +16 obsidian axe {drain, demonic, Mesm ^Drain
                  | Fly SInv}
 38990 | WizLab   | Found the +16 obsidian axe {drain, demonic, Mesm ^Drain Fly
                  | SInv}
 39331 | Vaults:3 | Noticed Nikola
 39338 | Vaults:3 | Reached skill level 18 in Fighting
 39343 | Vaults:3 | Killed Nikola
 39343 | Vaults:3 | Received a gift from Trog
 39561 | Vaults:3 | Identified the +7 broad axe of Juys {vamp, rPois rF+ Int+3}
 39701 | Vaults:3 | Found a staircase to the Crypt.
 39759 | Vaults:3 | Found Haxi's Jewellery Shoppe.
 39844 | Vaults:3 | Received a gift from Trog
 40321 | Vaults:3 | Identified the +6 long sword "Fiuxkuabli" {flame, ^Fragile
                  | Dex+6}
 41476 | Depths:1 | You paid a toll of 16 potions of curing to enter a treasure
                  | trove
 41477 | Trove    | Entered a treasure trove
 41481 | Trove    | Identified the +3 helmet "Utye" {Rampage +Blink rC- Will+}
 41485 | Trove    | Identified the +0 crystal plate armour of the Iron City of
                  | Dis {Harm rElec rC- Str+3}
 41489 | Trove    | Identified the +2 pair of boots "Hatrugeh" {Harm}
 41496 | Trove    | Identified the +0 kite shield of Macos {rCorr Str+5 Int+3}
 41505 | Trove    | Identified the +1 robe of the Comet {rF+ rCorr Int-4}
 41820 | Vaults:4 | Received a gift from Trog
 42200 | Vaults:4 | Gained mutation: You are completely covered in icy blue
                  | scales. (AC +4, rC+) [demonic ancestry]
 42200 | Vaults:4 | Reached XP level 23. HP: 230/230 MP: 20/20
 43131 | Vaults:2 | Received a gift from Trog
 43152 | Vaults:2 | Killed Forgeling's ghost
 43180 | Vaults:2 | Killed astronautguy's ghost
 43208 | Vaults:2 | Identified the ring of the Everdark {Str+3 Int+3 SInv}
 43210 | Vaults:2 | Identified the amulet of Fydasch {Reflect rF+ SH+5}
 43211 | Vaults:2 | Identified the amulet of Tuvaih {rF- Regen+ rCorr Str+3
                  | SInv}
 43421 | Vaults:5 | Entered Level 5 of the Vaults
 43490 | Abyss:3  | Cast into level 3 of the Abyss (a deep elf sorcerer)
 43607 | Abyss:3  | Found a corrupted altar of Lugonu.
 43621 | Vaults:5 | Escaped the Abyss
 43644 | Vaults:5 | Received a gift from Trog
 43647 | Vaults:5 | Noticed a dread lich
 43648 | Vaults:5 | Reached skill level 19 in Fighting
 43653 | Vaults:5 | Noticed a dread lich
 43671 | Vaults:5 | Killed a dread lich
 43674 | Vaults:5 | Killed a dread lich
 43700 | Vaults:5 | Reached XP level 24. HP: 241/241 MP: 0/20
 43716 | Vaults:5 | Received a gift from Trog
 43861 | Vaults:5 | Identified the +6 trident of Melee {holy, rPois MP+9}
 44029 | Vaults:5 | Got a silver rune of Zot
 44237 | Vaults:5 | Found Qadadecien's Distillery.
 44242 | Vaults:5 | Bought a potion of curing for 57 gold pieces
 44242 | Vaults:5 | Bought a potion of curing for 57 gold pieces
 44242 | Vaults:5 | Bought a potion of heal wounds for 95 gold pieces
 44242 | Vaults:5 | Bought a potion of curing for 57 gold pieces
 44315 | Vaults:5 | Identified the +0 ring mail of Instinct {rElec Regen+}
 44691 | Vaults:5 | Identified the +3 dagger of Wegode {spect, rElec rN++ Str+3
                  | Dex-5}
 44845 | Vaults:5 | Found Bipi's Magic Scroll Boutique.
 44860 | Vaults:5 | Found Qukez's Magic Scroll Shoppe.
 44873 | Vaults:5 | Found Bydaliff's Distillery.
 45344 | Crypt:1  | Entered Level 1 of the Crypt
 45379 | Crypt:1  | Received a gift from Trog
 45609 | Crypt:1  | Identified the +0 robe of the Treeataur {rC+ Stlth+}
 45614 | Crypt:1  | Identified the +7 longbow of the Modern Eyes {flame, Int+2}
 46042 | Crypt:1  | Identified the +0 robe of the Nine of Pentacles {Str+3}
 46301 | Crypt:2  | Noticed Vv
 46306 | Crypt:2  | Noticed a royal mummy
 46314 | Crypt:2  | Noticed Khufu
 46317 | Crypt:2  | Noticed a royal mummy
 46322 | Crypt:2  | HP: 11/242 [Vv (28)]
 46326 | Crypt:2  | HP: 1/242 [death scarab[Khufu] (20)]
 46850 | Slime:1  | Entered Level 1 of the Pits of Slime
 47212 | Depths:2 | Received a gift from Trog
 47321 | Depths:2 | Found a one-way gate leading to the halls of Pandemonium.
 47374 | Depths:2 | Identified the +6 scimitar "Haqaipt" {flame, rElec Will+}
 47420 | Depths:2 | Found a runed translucent door.
 47420 | Depths:2 | Found a runed translucent door.
 47450 | Depths:2 | Identified the +12 dire flail "Fuumaum" {elec, +Blink rC+
                  | Stlth+}
 47455 | Depths:2 | Identified the amulet of Estritwes {Faith Str+3 Int+5}
 47519 | Depths:2 | Noticed Bai Suzhen
 47538 | Depths:2 | Killed Bai Suzhen
 48217 | Depths:3 | Noticed Norris
 48222 | Depths:3 | Noticed Grunn
 48243 | Depths:3 | Killed Norris
 48252 | Depths:3 | Received a gift from Trog
 48265 | Depths:3 | Killed Grunn
 48626 | Depths:3 | Noticed a juggernaut
 48634 | Depths:3 | Noticed a juggernaut
 48652 | Depths:3 | Killed a juggernaut
 48669 | Depths:3 | Noticed a juggernaut
 48673 | Depths:3 | Gained mutation: You are extremely robust. (+30% HP)
                  | [demonic ancestry]
 48673 | Depths:3 | Reached XP level 25. HP: 243/273 MP: 16/20
 48680 | Depths:3 | Killed a juggernaut
 48681 | Depths:3 | Reached skill level 20 in Fighting
 48685 | Depths:3 | Killed a juggernaut
 48695 | Depths:3 | Noticed a juggernaut
 48763 | Depths:3 | Killed a juggernaut
 48943 | Depths:3 | Found a one-way gateway to a ziggurat.
 49171 | Depths:3 | Noticed a juggernaut
 49172 | Depths:3 | Noticed a juggernaut
 49186 | Depths:3 | Killed a juggernaut
 49188 | Depths:3 | Killed a juggernaut
 49220 | Depths:3 | Received a gift from Trog
 49417 | Depths:4 | Entered Level 4 of the Depths
 49896 | Depths:4 | Found a gate to the Realm of Zot.
 50386 | Pan      | Entered Pandemonium
 50659 | Pan      | Identified the +3 trident "Hell-Harrower" {heavy, rC+++}
 50844 | Pan      | Gained mutation: Armour fits poorly on your strangely
                  | shaped body. [a neqoxec]
 50846 | Pan      | Received a gift from Trog
 50907 | Pan      | Noticed Dafaru the pandemonium lord
 50938 | Pan      | Killed Dafaru the pandemonium lord
 51202 | Pan      | Gained mutation: You occasionally lose the ability to read
                  | scrolls when taking damage. [a cacodemon]
 51297 | Pan      | Identified the +9 shortbow of Internal Strife {freeze,
                  | MP+9}
 51793 | Pan      | Noticed Uleuzoq the pandemonium lord
 51806 | Abyss:5  | Cast into level 5 of the Abyss (Uleuzoq)
 51832 | Abyss:5  | Lost mutation: Armour fits poorly on your strangely shaped
                  | body. [potion of mutation]
 51832 | Abyss:5  | Lost mutation: A frigid envelope surrounds you and freezes
                  | all who hurt you. [potion of mutation]
 51832 | Abyss:5  | Lost mutation: You have sharp toenails. [potion of
                  | mutation]
 51832 | Abyss:5  | Gained mutation: You have a pair of small antennae on your
                  | head. [potion of mutation]
 51845 | Abyss:5  | Lost mutation: You occasionally lose the ability to read
                  | scrolls when taking damage. [potion of mutation]
 51845 | Abyss:5  | Lost mutation: You have a pair of small antennae on your
                  | head. [potion of mutation]
 51845 | Abyss:5  | Gained mutation: Your natural rate of healing is unusually
                  | fast. [potion of mutation]
 51845 | Abyss:5  | Gained mutation: You have a pair of small horns on your
                  | head. [potion of mutation]
 51845 | Abyss:5  | Gained mutation: Armour fits poorly on your strangely
                  | shaped body. [potion of mutation]
 51846 | Abyss:5  | Lost mutation: Your magical capacity is low. (-10% MP)
                  | [potion of mutation]
 51846 | Abyss:5  | Lost mutation: You have a pair of small horns on your head.
                  | [potion of mutation]
 51846 | Abyss:5  | Lost mutation: Your natural rate of healing is unusually
                  | fast. [potion of mutation]
 51846 | Abyss:5  | Gained mutation: You are dopey. (Int -2) [potion of
                  | mutation]
 51847 | Abyss:5  | Lost mutation: You are dopey. (Int -2) [potion of mutation]
 51847 | Abyss:5  | Lost mutation: Armour fits poorly on your strangely shaped
                  | body. [potion of mutation]
 51847 | Abyss:5  | Gained mutation: Your muscles are strong. (Str +4, Int/Dex
                  | -1) [potion of mutation]
 51847 | Abyss:5  | Gained mutation: You occasionally lose the ability to drink
                  | potions when taking damage. [potion of mutation]
 51847 | Abyss:5  | Gained mutation: Your spells are a little harder to cast,
                  | but a little more powerful. [potion of mutation]
 51847 | Abyss:5  | Gained mutation: Your muscles are very strong. (Str +8,
                  | Int/Dex -2) [potion of mutation]
 51932 | Abyss:5  | Reached XP level 26. HP: 282/286 MP: 19/20
 52006 | Pan      | Escaped the Abyss
 52027 | Pan      | Killed Uleuzoq the pandemonium lord
 52453 | Pan      | Received a gift from Trog
 52901 | Pan      | Identified the staff of Accord {rC+ Dex+2 Ice}
 52909 | Pan      | Noticed Syin the pandemonium lord
 52925 | Pan      | Killed Syin the pandemonium lord
 53044 | Pan      | Noticed Ignacio
 53062 | Pan      | Killed Ignacio
 53068 | Pan      | Reached skill level 21 in Fighting
 53416 | Pan      | Found an exit through the horrors of the Abyss.
 53511 | Pan      | Entered the realm of Cerebov.
 53742 | Pan      | Found an exit through the horrors of the Abyss.
 54228 | Pan      | Found the +6 sword of Cerebov {flame}
 54228 | Pan      | Noticed Cerebov
 54243 | Pan      | Received a gift from Trog
 54251 | Pan      | HP: 17/432 [balrug/divine providence[Cerebov] (14)]
 54255 | Pan      | Killed from afar by Cerebov

Illustrated notes

Levels and vault maps discovered:
D:1:      scummos_arrival_hexagon, layout_basic, ebering_ecumenical_altar_hall,
          nicolae_nh_oracle_at_delphi
D:2:      layout_basic, serial_curves, eino_curves_02, eino_curves_01,
          eino_curves_01, nicolae_kite_square_tiling_tiny, uniq_natasha
D:3:      layout_basic, overflow_temple_1_default, grunt_decor_one_mirror,
          minmay_misc_feat_alley, uniq_robin
D:4:      layout_basic, tgw_kikubaaqudgha, minmay_temple_entry_butterflies,
          serial_shops, shop, uniq_menkaure, uniq_grinder
D:5:      layout_gridville, nicolae_specific_store, st_stairs_6,
          minmay_misc_feat_square, hex_tiny, hangedman_decor_peaks_small,
          uniq_pikel
D:6:      layout_basic
D:7:      layout_gridville, chequers_temple_overflow_statue_of_worship,
          serial_shops, nicolae_shop_dealshenge, gammafunk_ghost_gnarly_gnolls,
          serial_bayou_pond_e
D:8:      layout_gridville, lemuel_tele_altar, hangedman_ranch, uniq_amaemon,
          uniq_maggie, uniq_psyche
D:9:      minmay_statue_hallways, layout_stronghold, david_lair_generic
D:10:     layout_roguey, mainiacjoe_overflow_small_starburst,
          lightli_corner_chamber
D:11:     wad_cavern_with_rooms, layout_cave_pools,
          nicolae_twisty_statue_hallways, uniq_nergalle
D:12:     layout_loops_ring, david_orc_5
D:13:     layout_grid_maze, gauntlet_entry_generic,
          minmay_mirror_moons_of_madness
D:14:     layout_roguey, hellmonk_vaults_keyhole, grunt_decor_resistance,
          uniq_frances
D:15:     hangedman_depths_entry_civil_slaughter, layout_loops_corners
Lair:1:   layout_roguey, lemuel_fruit_tree
Lair:2:   layout_small_grid, elwin_shoals_entry_stream, forest_entry_grove,
          wad_woods_river_01
Lair:3:   layout_chaotic_city, minmay_snake_entry_six_corridors,
          hangedman_lair_unloving_vines, serial_bayou_shore_a, uniq_kirke
Lair:4:   layout_misc_corridors, lemuel_altar_in_water2, serial_bayou_pond_d,
          chequers_serial_rivers_micro_b, gammafunk_lair_bear_cave,
          infiniplex_staircase_pool, serial_bayou_shore_b, serial_bayou_shore_b,
          serial_bayou_shore_b
Lair:5:   cheibrodos_lair_end_hotspot, layout_regular_city,
          minmay_slime_entry_oklob_enclosed, kennysheep_abandoned_house,
          infiniplex_staircase_pool_2, uniq_snorg, uniq_rupert, uniq_nessos
Shoals:1: layout_shoals, nicolae_shoals_beach_cooler
Shoals:2: layout_shoals, uniq_polyphemus
Shoals:3: layout_shoals, ebering_ghost_rock_garden, nicolae_shoals_land_atoll,
          nicolae_shoals_shepherds
Shoals:4: shoals_end_hellmonk_holy_island
Snake:1:  layout_grid_shapes, uniq_mlioglotl
Snake:2:  layout_basic, nicolae_triple_integral, uniq_roxanne, uniq_aizul
Snake:3:  layout_concentric_octagons, nicolae_snake_gridmaze_tees,
          grunt_ministairs_10
Snake:4:  minmay_snake_end_coiled, layout_cave_town, st_stairs_8,
          grunt_megastairs_4
Slime:1:  layout_caves
Orc:1:    layout_caves, serial_shops, nicolae_shop_pleasant_corner_grove,
          uniq_josephine, uniq_fannar, uniq_harold
Orc:2:    st_orc_open, layout_caves, serial_shops, shop, guppyfry_library_mini,
          uniq_donald, uniq_azrael
Elf:1:    nicolae_elf_arrival_no_cutting_in_line, layout_geoelf_grid,
          special_room [special_room_orc], minmay_elf_sorcery
Elf:2:    nicolae_elf_blades_crystal_corner, layout_geoelf_octagon
Elf:3:    elf_hall, layout_geoelf_octagon
Vaults:1: hangedman_vaults_nodes, nicolae_vaults_rhombus_6,
          nicolae_vaults_mini_display_case, nicolae_vaults_six-pack, v_misc_1,
          v_misc_31, nicolae_vaults_trapezoid_3, v_alt_pattern_2,
          nicolae_vaults_diamond_1, layout_vaults_omnicross
Vaults:2: nzn_ghost_randoct, nicolae_vaults_network_star,
          vaults_room_ringed_pool, vaults_mumra_chevron, v_misc_27,
          nicolae_vaults_closet_pinwheel_4, nicolae_vaults_tangram_1,
          nicolae_vaults_diagonal_hallway_8, vaults_room_pool,
          nicolae_vaults_angled_halls, nicolae_vaults_circle_grid_b,
          nicolae_vaults_shelves_hall, nicolae_vaults_alarming,
          hangedman_vaults_restitches, v_rooms_1, vaults_mumra_lcd,
          lemuel_angel_altar, layout_vaults_maze_bifur, uniq_margery
Vaults:3: mu_enter_wizlab_3, minmay_crypt_entry_simple_walls,
          nicolae_vaults_shipping_containers_7, v_alt_pattern_1,
          vaults_room_semicircle, vaults_dpeg_ring, v_alt_pattern_2,
          nicolae_vaults_border_crossing, ontoclasm_vaults_gateway, v_misc_5,
          nicolae_vaults_sealed_display, nicolae_vaults_storage_closets_2,
          nicolae_vaults_more_shelving_1, ontoclasm_vaults_pinch,
          layout_vaults_ring, serial_shops, shop, uniq_nikola
Vaults:4: v_pattern_5, nicolae_vaults_network_periphery,
          nicolae_vaults_diagonal_hallway_7, nicolae_vaults_surprise_closet,
          nicolae_vaults_hexular_roomagon, nicolae_vaults_trapezoid_lopsided_3,
          nicolae_vaults_little_squares_5, nicolae_vaults_little_squares_3,
          nicolae_vaults_cochlea, ontoclasm_vaults_spin, layout_vaults_omnigrid
Vaults:5
Crypt:1:  layout_misc_corridors, serial_glass, glass_columns_a, glass_columns_a,
          glass_columns_c, glass_columns_a, glass_columns_a, glass_columns_a,
          glass_columns_b, glass_columns_a, glass_columns_c, glass_columns_a,
          due_unseen_surprise, feat_on_display
Crypt:2:  layout_misc_corridors, minmay_misc_feat_five, minicrypt_bobbens,
          uniq_khufu, uniq_vv
Depths:1: minmay_quarter_circles, layout_basic, nicolae_trove_entry_free_sample,
          abyss_entry, hell_entry, kennysheep_generic_room_2
Depths:2: minmay_the_grid_triangle_9x9_recursive_2
          [minmay_the_grid_triangle_9x9_prize_schism,
          minmay_the_grid_triangle_9x9_from_above,
          minmay_the_grid_triangle_9x9_descending_squares,
          minmay_the_grid_triangle_9x9_tough_junction], layout_basic,
          rand_demon_pan_entry_5, lightli_too_deep, infiniplex_staircase_pool_1,
          serial_bayou_shore_b, uniq_bai_suzhen
Depths:3: lemuel_castle_with_subvaults [lemuel_castle_interior_carwin_3],
          layout_cave_pools, enter_ziggurat_e, hangedman_abyss_entry_splay,
          pf_dread_powers_of_hell, grunt_decor_fettered, uniq_grunn, uniq_norris
Depths:4: grunt_zot_entry_bicorn, layout_honeycomb, skrybe_limestone_x,
          hell_entry, nicolae_houndstooth_variations
Pan:      evilmike_mini_pan_T, layout_rooms, nicolae_pan_gloorx_vloqian_3,
          evilmike_mini_pan_T, layout_gridlike, reaverb_pan_figure_eight,
          pan_blood_fountain_small, evilmike_mini_pan_doors_b, layout_long_grid,
          nicolae_pan_gloorx_vloqian_2, pan_blood_fountain_small, uniq_ignacio,
          nicolae_pan_sigil_nadil, cerebov_grunt, layout_stronghold

Skill      XL: |  1  2  3  4  5  6  7  8  9 10 11 12 13 14 15 16 17 18 19 20 21 22 23 24 25 26 |
---------------+-------------------------------------------------------------------------------+-----
Dodging        | 2 3 4 6 7 8 9 10 11 12 13 14 15 16 17 18 19 | 19.3
Armour         | 2 3 4 6 7 8 9 10 11 12 13 14 15 16 17 18 19 | 19.3
Evocations     | 1 2 3 4 6 7 8 9 10 11 12 13 14 15 16 17 18 19 20 | 20.1
Axes           | 3 4 5 7 8 9 10 11 12 13 14 15 16 17 18 19 | 19.6
Shields        | 1 2 3 4 5 6 7 8 9 10 11 12 13 14 15 16 17 18 | 18.7
Fighting       | 4 5 8 9 10 11 12 13 14 15 16 17 18 19 20 21 | 21.1

Action                     |  1- 3 |  4- 6 |  7- 9 | 10-12 | 13-15 | 16-18 | 19-21 | 22-24 | 25-27 || total
---------------------------+-------+-------+-------+-------+-------+-------+-------+-------+-------++-------
  Melee: Hand axe          |    48 |       |    85 |       |       |       |       |       |       ||   133
         Whip              |    31 |   158 |       |       |       |       |       |       |       ||   189
         Flail             |       |    10 |   240 |       |       |       |       |       |       ||   250
         Battleaxe         |       |       |    22 |       |       |       |       |       |       ||    22
         War axe           |       |       |       |   196 |       |       |       |       |       ||   196
         Broad axe         |       |       |       |    62 |   664 |   992 |  1213 |  1448 |  1001 ||  5380
         Unarmed           |       |       |       |       |       |       |       |     4 |       ||     4
 Invoke: Berserk           |     1 |     4 |     6 |     6 |    11 |     9 |     4 |     3 |     2 ||    46
         Trog's Hand       |       |     3 |     8 |     8 |    15 |    11 |    11 |     9 |     6 ||    71
         Brothers in Arms  |       |       |       |       |     3 |     8 |     6 |     9 |     8 ||    34
Ability: Evoke Blink       |       |       |       |     2 |       |       |       |       |       ||     2
  Evoke: Wand              |       |       |    10 |     6 |     8 |    19 |    22 |     9 |     2 ||    76
         Gell's gravitambo |       |       |       |       |       |     3 |     3 |       |     3 ||     9
         Sack of spiders   |       |       |       |       |       |       |       |       |     1 ||     1
         Phantom mirror    |       |       |       |       |       |       |       |       |     1 ||     1
         Condenser vane    |       |       |       |       |       |       |       |       |     1 ||     1
    Use: Scroll            |       |     3 |     9 |     9 |    13 |     8 |       |     4 |     1 ||    47
         Potion            |       |       |     3 |     8 |     3 |     6 |    11 |     3 |     7 ||    41
   Stab: Sleeping          |     1 |       |       |       |       |       |       |       |       ||     1
         Petrifying        |       |       |       |       |     1 |       |       |       |       ||     1
         Invisible         |       |       |       |       |       |       |     2 |       |       ||     2
         Confused          |       |       |       |       |       |       |       |     3 |       ||     3
         Distracted        |       |       |       |       |       |       |       |     6 |     1 ||     7
         Paralysed         |       |       |       |       |       |       |       |     1 |     1 ||     2
 Armour: Animal skin       |    66 |     9 |       |       |       |       |       |       |       ||    75
         Chain mail        |       |   166 |   364 |   221 |       |       |       |       |       ||   751
         Scale mail        |       |       |       |    24 |   444 |   629 |   622 |   806 |   526 ||  3051
         Skin              |       |       |       |       |       |       |       |     1 |       ||     1
  Dodge: Dodged            |    58 |    83 |   217 |   157 |   411 |   525 |   441 |   772 |   507 ||  3171
         Repelled          |       |       |     6 |    13 |    35 |   133 |    94 |    81 |    32 ||   394
  Block: Kite shield       |       |       |       |   227 |   729 |  1074 |  1058 |  1498 |   967 ||  5553

Table legend: (Time is in decaauts)
 A = Elapsed time spent in this place.
 B = Non-inter-level travel time spent in this place.
 C = Inter-level travel time spent in this place.
 D = Time resting spent in this place.
 E = Time spent auto-exploring this place.
 F = Levels seen in this place.
 G = Mean time per level.
                   A        B        C        D        E       F      G
               +--------+--------+--------+--------+--------+-----+--------+
         Total |  54462 |  50164 |   4298 |   2024 |  34078 |  57 |  955.5 |
       Dungeon |  16946 |  15266 |   1680 |   1254 |  10971 |  15 | 1129.7 |
          Lair |   5330 |   4643 |    687 |      0 |   3653 |   5 | 1066.0 |
        Shoals |   3670 |   3490 |    180 |    262 |   2108 |   4 |  917.5 |
     Snake Pit |   3626 |   3490 |    136 |      0 |   2720 |   4 |  906.5 |
    Slime Pits |      3 |      3 |      0 |      0 |      0 |   1 |    3.0 |
  Orcish Mines |   1166 |   1042 |    124 |      0 |    765 |   2 |  583.0 |
   Elven Halls |   3391 |   3194 |    197 |     88 |   1924 |   3 | 1130.3 |
        Vaults |   7178 |   6219 |    959 |     71 |   4408 |   5 | 1435.6 |
         Crypt |   1080 |   1033 |     47 |     99 |    621 |   2 |  540.0 |
        Depths |   4412 |   4129 |    283 |     85 |   2756 |   4 | 1103.0 |
         Abyss |   2959 |   2959 |      0 |      7 |   1486 |   5 |  591.8 |
   Pandemonium |   3520 |   3520 |      0 |    151 |   2264 |   4 |  880.0 |
         Trove |     48 |     48 |      0 |      0 |      0 |   1 |   48.0 |
        Wizlab |    598 |    598 |      0 |      0 |    170 |   1 |  598.0 |
      Gauntlet |    527 |    527 |      0 |      6 |    229 |   1 |  527.0 |
               +--------+--------+--------+--------+--------+-----+--------+

Top non-repeatable levels by time:
     D:7: 2154 daAuts
Vaults:2: 1664 daAuts
Vaults:3: 1660 daAuts
     D:6: 1505 daAuts
  Lair:2: 1421 daAuts
 Abyss:1: 1366 daAuts
     D:8: 1361 daAuts
Depths:1: 1352 daAuts
  Lair:5: 1329 daAuts
Vaults:5: 1325 daAuts
Vaults:1: 1278 daAuts
    D:15: 1256 daAuts
Vaults:4: 1249 daAuts
     D:4: 1232 daAuts
Depths:3: 1219 daAuts
